AoeStats
← KirKy

African Clearing

506663973Analyzed
2v2 RM · 17d ago on Sep 14, 2026· 31m 36s· 4 players
Game mode
Random Map
Map size
Medium (4 player)
Population
200
Speed
Normal
Resources
Standard
Victory
Conquest
Starting age
Dark Age
Ending age
Imperial Age
RankedLock teamsTeams togetherTeam positionsShared explorationLock speedFull tech treeHidden civsTurbo modeCheats
Victory
Defeat
🇸🇰 Bohemians · Slovakia
944
+15
🇮🇱 Byzantines · Israel
917
+16
🇩🇪 Dravidians · Germany
928
-16
🇨🇳 Slavs · China
914
-15
KirKy
13:07 Loom
15:58 Feudal Age
20:18 Castle Age
18:14 Double-Bit Axe
21:27 Bow Saw
22:25 Pikeman
27:17 Fletching
Radovan :)
4:47 Loom
13:56 Feudal Age
22:28 Castle Age
21:06 Horse Collar
21:16 Double-Bit Axe
christian.seebach
4:14 Loom
14:33 Feudal Age
15:06 Double-Bit Axe
16:28 Stone Mining
17:25 Forging
18:50 Wheelbarrow
23:46 Castle Age
23:19 Scale Mail Armor
22:49 Man-at-Arms
24:28 Pikeman
25:53 Light Cavalry
26:50 Bow Saw
26:35 Fletching
27:39 Gold Mining
30:48 Iron Casting
31:02 Horse Collar
83716497273
Connection lost

Rejoining the realm…

Still unreachable

The connection could not be restored.

Session expired

The server has moved on; the page needs a fresh start.